 Dungeon Crawl Stone Soup version 0.30-a0-1112-gfb780f5df6 (webtiles) character file.

Game seed: 16980579738065973122

639 ytrimaz the Ducker (level 7, -1/46 HPs)
             Began as an Octopode Fighter on Apr 19, 2023.
             Was an Initiate of Hepliaklqana.
             Slain by a sky beast (6 damage)
             ... on level 5 of the Dungeon.
             The game lasted 00:04:10 (4174 turns).

ytrimaz the Ducker (Octopode Fighter)               Turns: 4174, Time: 00:04:10

Health: -1/46      AC:  3    Str: 16    XL:     7   Next: 51%
Magic:  7/7        EV: 16    Int: 10    God:    Hepliaklqana [......]
Gold:   200        SH:  6    Dex: 19    Spells: 6/6 levels left

rFire   . . .      SeeInvis .    a - +0 long sword
rCold   . . .      Faith    .    b - +0 buckler
rNeg    . . .      Spirit   .    e - +2 hat
rPois   .          Reflect  .    p - amulet of magic regeneration
rElec   .          Rampage  .    j - ring of resist corrosion
rCorr   +                        r - +6 ring of dexterity
Will    .....                    (no ring)
Stlth   +++                      (no ring)
HPRegen 0.27/turn                (no ring)
MPRegen 0.50/turn                (no ring)
                                 (no ring)
                                 (no ring)

@: no status effects
A: almost no armour, amphibious, 8 rings, camouflage 1, gelatinous body 1,
(nimble swimmer 1), tentacles
a: Renounce Religion


You were on level 5 of the Dungeon.
You worshipped Hepliaklqana.
Hepliaklqana was noncommittal.
You visited 2 branches of the dungeon, and saw 6 of its levels.

You collected 200 gold pieces.


Innate Abilities, Weirdness & Mutations

You cannot wear most types of armour.
You are amphibious.
You can wear up to eight rings at the same time.
Your skin changes colour to match your surroundings (Stealth+).
Your rubbery body absorbs attacks. (AC +1, EV +1)
((You are camouflaged when in or above water. (Stealth+)))
You have tentacles for arms and can constrict up to eight enemies at once.


   Skills:
 - Level 3.5 Fighting
 + Level 5.3 Long Blades
 + Level 5.9 Dodging
 - Level 4.0 Shields


You had 6 spell levels left.
You didn't know any spells.
Your spell library contained the following spells:

 Spells                   Type           Power      Damage    Failure   Level
 Dazzling Flash           Conj/Hex       0%         N/A       82%         3
 Agony                    Necr           0%         N/A       100%        5
 Silence                  Hex/Air        0%         N/A       100%        5

Inventory:

Hand Weapons
 a - a +0 long sword (weapon)
Missiles
 c - a throwing net (quivered)
Armour
 b - a +0 buckler (worn)
 e - a +2 hat (worn)
   (You found it on level 1 of the Dungeon)
Jewellery
 j - a ring of resist corrosion (left tentacle)
   (You found it on level 4 of the Dungeon)
 p - an amulet of magic regeneration (around mantle)
   (You found it on level 2 of the Dungeon)
 r - a +6 ring of dexterity (right tentacle)
   (You found it on level 5 of the Dungeon)
Wands
 k - a wand of iceblast (14)
   (You found it on level 2 of the Dungeon)
Scrolls
 h - a scroll of torment
 l - a scroll of vulnerability
 o - a scroll of teleportation
Potions
 d - a potion of haste {unknown}
 f - a potion of degeneration {unknown}
 g - 8 potions of curing
 i - a potion of lignification {unknown}
 m - 2 potions of attraction {unknown}
 n - a potion of heal wounds {unknown}
 q - 3 potions of resistance {unknown}

Dungeon Overview and Level Annotations

Branches:
Dungeon (5/15) Zot: 25810  Temple (1/1) D:4 Zot: 5953

Altars:
Ashenzari
Cheibriados
Dithmenos
Elyvilon
Fedhas
Gozag
Hepliaklqana
Kikubaaqudgha
Makhleb
Nemelex Xobeh
Okawaru
Qazlal
Ru
Trog
Uskayaw
Vehumet
Wu Jian
Xom
Yredelemnul
Zin

#........ ## #?........ ..
#.......... .##.........#
###...............##.
..$................. #
#.....##...!......# ###
####.....##@.........# ...
.....................#.
########...........>........
##............###........#
##............####....h.##
##..ยง..>..#.##.......####
##>.......#.#..##.####
..............###.
....!.......### #.


You could see a hound (asleep).


Message History

Done exploring.
No target in view!
Okay, then.
There is a dry fountain here.
There is a stone staircase leading down here.
You climb downwards.
There is a stone staircase leading up here.
Unknown command.
r - a +6 ring of dexterity You now have 200 gold pieces (gained 17).
A phantom comes into view.
You feel agile.
r - a +6 ring of dexterity (right tentacle) Unknown command.
A sky beast comes into view.
Found a scroll of vulnerability.
Found a stone staircase leading down.
The phantom hits you. ๐Ÿ˜• HP[-1]
You take 1 damage, and now have 45/46 hp.
You closely miss the phantom.
The phantom hits you but does no damage.
You closely miss the phantom. The phantom hits you.
The phantom blinks!
You blink.
Found a scroll of teleportation.
Found a stone staircase leading down.
The phantom completely misses you. ๐Ÿ˜• HP[-2]
You take 2 damage, and now have 43/46 hp.
You slash the phantom! The phantom misses you.
You barely miss the phantom. The phantom hits you. ๐Ÿ˜• HP[-6]
You take 6 damage, and now have 37/46 hp.
You closely miss the phantom. Your squeeze misses the phantom.
The phantom misses you. ๐Ÿ˜• HP[+1] Unknown command.
You closely miss the phantom. Your squeeze misses the phantom.
The phantom completely misses you.
You closely miss the phantom. You block the phantom's attack.
The phantom barely misses you.
You barely miss the phantom. You block the phantom's attack.
The sky beast hits you but does no damage.
You completely miss the phantom. The phantom hits you.
The phantom blinks!
You blink. ๐Ÿ˜ฎ HP[-4]
You take 4 damage, and now have 34/46 hp.
You block the phantom's attack.
Unknown command.
You are too injured to fight recklessly!
You are too injured to fight recklessly!
You closely miss the phantom. The phantom hits you.
The phantom blinks!
You blink. ๐Ÿ˜ฎ HP[-5]
You take 5 damage, and now have 29/46 hp.
The phantom misses you. ๐Ÿ˜ฎ HP[+1]
The phantom attacks as you move away! The phantom hits you. ๐Ÿ˜ฎ HP[-4]
You take 4 damage, and now have 26/46 hp.
You hit the phantom. Your squeeze misses the phantom.
You block the phantom's attack.
You slash the phantom! You block the phantom's attack.
Unknown command.
You barely miss the phantom.
The phantom barely misses you. ๐Ÿ˜ฎ HP[+1]
You hit the phantom but do no damage. You squeeze the phantom.
The phantom hits you.
* * * LOW HITPOINT WARNING * * *
The phantom blinks!
You blink.
A hound comes into view.
Found a stone staircase leading down.
The phantom hits you.
* * * LOW HITPOINT WARNING * * *
The phantom blinks!
You blink.
An iguana comes into view. ๐Ÿ˜จ HP[-7]
You take 7 damage, and now have 20/46 hp.
The phantom hits you.
* * * LOW HITPOINT WARNING * * *
๐Ÿ˜จ HP[-4]
You take 4 damage, and now have 16/46 hp.
You hit the phantom but do no damage. You tentacle-slap the phantom.
The phantom misses you. ๐Ÿ˜จ HP[+1]
You barely miss the phantom. You squeeze the phantom.
You destroy the phantom!
The sky beast flickers out of sight!
Deactivating autopickup; reactivate with Ctrl-A.
Unknown command. ๐Ÿ˜จ HP[+1]
Something hits you.
* * * LOW HITPOINT WARNING * * *
Something shocks you.
* * * LOW HITPOINT WARNING * * *
๐Ÿ˜ฑ HP[-9]
You take 9 damage, and now have 9/46 hp.
Something hits you.
* * * LOW HITPOINT WARNING * * *
Something shocks you.
You die...

Skill      XL: |  1  2  3  4  5  6  7 |
---------------+----------------------+-----
Long Blades    | 3 4 5 |  5.3
Dodging        | 4 5 |  5.9
Shields        | 4 |  4.0
Fighting       | |  3.5

Action                     |  1- 3 |  4- 6 |  7- 9 || total
---------------------------+-------+-------+-------++-------
  Melee: Long sword        |    61 |   121 |    47 ||   229
         Constrict         |    16 |    28 |     8 ||    52
         Tentacles         |     9 |    32 |    10 ||    51
         Punch             |     2 |     1 |     2 ||     5
    Use: Scroll            |     8 |     4 |       ||    12
         Potion            |       |     2 |       ||     2
   Stab: Sleeping          |     7 |     5 |     3 ||    15
         Distracted        |       |     1 |       ||     1
 Armour: Skin              |    18 |    17 |     9 ||    44
  Dodge: Dodged            |    37 |    72 |    30 ||   139
  Block: Buckler           |    20 |    26 |    17 ||    63

Levels and vault maps discovered:
D:1:      minmay_arrival_glassed_features, layout_basic,
          chequers_ecumenical_altar_twisty, st_stairs_1
D:2:      layout_loops_cross, kennysheep_generic_room_11
D:3:      layout_basic, dreamdust_princess_bridge, minmay_lizard_king
D:4:      layout_layer_cave, nicolae_overflow_crystal_walls,
          minmay_temple_entry_large_hall, uniq_edmund
D:5:      layout_rooms
Temple:   hellmonk_temple_divided_pantheon

Notes
Turn   | Place    | Note
-------+----------+-------------------------------------------
     0 | D:1      | ytrimaz the Octopode Fighter began the quest for the Orb.
     0 | D:1      | Reached XP level 1. HP: 16/16 MP: 1/1
     0 | D:1      | magus.rc [v1.9.6]
   291 | D:1      | Reached XP level 2. HP: 21/21 MP: 2/2
   489 | D:1      | Found a faded altar of an unknown god.
   633 | D:1      | Reached XP level 3. HP: 26/26 MP: 3/3
   793 | D:1      | magus.rc [v1.9.6]
  1001 | D:2      | You pick up a book of the Senses and begin reading...
  1001 | D:2      | You add the spells Dazzling Flash, Agony and Silence to
                  | your library.
  1238 | D:2      | Reached XP level 4. HP: 25/31 MP: 4/4
  1897 | D:3      | Reached skill level 3 in Long Blades
  1913 | D:3      | Reached XP level 5. HP: 29/36 MP: 5/5
  2194 | D:3      | Reached skill level 4 in Dodging
  2194 | D:3      | Reached skill level 4 in Shields
  2197 | D:3      | HP: 6/36 [orc/+0 flail (6)]
  2661 | D:4      | Noticed Edmund
  2680 | D:3      | Killed Edmund
  2681 | D:3      | Reached skill level 4 in Long Blades
  2681 | D:3      | Reached XP level 6. HP: 19/42 MP: 6/6
  2782 | D:3      | Reached skill level 5 in Dodging
  3231 | D:4      | Found the +0 toga "Victory" {*Victory Clar}
  3242 | D:4      | Found a staircase to the Ecumenical Temple.
  3250 | D:4      | Reached XP level 7. HP: 34/46 MP: 7/7
  3401 | D:4      | Found a glowing silver altar of Zin.
  3411 | D:4      | Reached skill level 5 in Long Blades
  4068 | Temple   | Entered the Ecumenical Temple
  4068 | Temple   | Found a transporter.
  4068 | Temple   | Found a transporter.
  4070 | Temple   | Found a transporter.
  4070 | Temple   | Found a transporter.
  4099 | Temple   | Became a worshipper of Hepliaklqana the Forgotten
  4132 | D:5      | Entered Level 5 of the Dungeon
  4173 | D:5      | HP: 9/46 [something (5)]
  4174 | D:5      | Slain by a sky beast

Vanquished Creatures
  Edmund (D:3)
  A phantom (D:5)
  2 hounds
  An orc priest (D:3)
  2 jellies (D:4)
  An iguana (D:4)
  2 orc wizards
  4 gnolls
  7 adders
  A worm (D:3)
  2 dart slugs
  12 orcs
  9 ball pythons
  6 endoplasms
  3 giant cockroaches
  8 hobgoblins
  2 jackals (D:2)
  4 quokkas
  9 bats
  15 frilled lizards
  4 goblins
  7 kobolds
  7 rats
110 creatures vanquished.

Vanquished Creatures (collateral kills)
  A goblin (D:3)
1 creature vanquished.

Vanquished Creatures (others)
  10 plants (D:3)
10 creatures vanquished.

Grand Total: 121 creatures vanquished

Table legend:
 A = Non-vault XP
 B = Vault XP
 C = Vault XP percentage of total XP
 D = Non-vault monster count
 E = Vault monster count
 F = Vault count percentage of total count
                 A         B        C        D         E       F
            +---------+---------+-------+---------+---------+-------
      Total |     729 |     185 |  20.2 |      97 |      14 |  12.6
            +---------+---------+-------+---------+---------+-------
        D:1 |      34 |       2 |   5.6 |      19 |       2 |   9.5
        D:2 |      63 |       2 |   3.1 |      26 |       1 |   3.7
        D:3 |     221 |     181 |  45.0 |      27 |      11 |  28.9
        D:4 |     304 |       0 |   0.0 |      24 |       0 |   0.0
        D:5 |     107 |       0 |   0.0 |       1 |       0 |   0.0
            +---------+---------+-------+---------+---------+-------

Illustrated notes

Table legend:
 A = Kills in this place as a percentage of kills in the entire game.
 B = Kills by you in this place as a percentage of kills by you in the entire game.
 C = Kills by friends in this place as a percentage of kills by friends in the entire game.
 D = Other kills in this place as a percentage of other kills in the entire game.
 E = Experience gained in this place as a percentage of experience gained in the entire game.
 F = Experience gained in this place divided by the number of levels of this place that you have seen.
                   A       B       C       D       E      F
               +-------+-------+-------+-------+-------+----------------------
         Total | 100.0 | 100.0 | 100.0 |   N/A | 100.0 | 152.3
       Dungeon | 100.0 | 100.0 | 100.0 |   N/A | 100.0 | 182.8
               +-------+-------+-------+-------+-------+----------------------

Table legend: (Time is in decaauts)
 A = Elapsed time spent in this place.
 B = Non-inter-level travel time spent in this place.
 C = Inter-level travel time spent in this place.
 D = Time resting spent in this place.
 E = Time spent auto-exploring this place.
 F = Levels seen in this place.
 G = Mean time per level.
                   A        B        C        D        E       F      G
               +--------+--------+--------+--------+--------+-----+--------+
         Total |   4236 |   4113 |    123 |    396 |   2918 |   6 |  706.0 |
       Dungeon |   4189 |   4089 |    100 |    396 |   2912 |   5 |  837.8 |
        Temple |     46 |     23 |     23 |      0 |      6 |   1 |   46.0 |
               +--------+--------+--------+--------+--------+-----+--------+

Top non-repeatable levels by time:
     D:4: 1252 daAuts
     D:3: 1139 daAuts
     D:1: 975 daAuts
     D:2: 778 daAuts
  Temple: 46 daAuts
     D:5: 44 daAuts
